 Dungeon Crawl Stone Soup version 0.29-a0-887-gcbe080d7e0 (webtiles) character file.

Game seed: 17976527776120075213

2315 IdlyInterested the Cudgeller (level 9, 0/64 (70) HPs)
             Began as a Demonspawn Wanderer on July 21, 2022.
             Killed by divine providence
             ... invoked by an orc priest
              (15 damage)
             ... on level 7 of the Dungeon.
             The game lasted 00:30:43 (9215 turns).

IdlyInterested the Cudgeller (Demonspawn Wanderer)  Turns: 9215, Time: 00:30:43

HP:   0/64 (70)     AC: 22    Str: 17    XL:     9   Next: 18%
MP:   15/15         EV: 10    Int: 23    God:
Gold: 538           SH:  3    Dex: 15    Spells: 15/16 levels left

rFire   . . .      SeeInvis +   r - +3 mace "Hepsoclu" {freeze, Int+6}
rCold   . . .      Faith    .   j - +0 buckler
rNeg    . . .      Spirit   .   u - +5 ring mail "Wevva" {-Tele Will- Str+4 Dex+2}
rPois   .          Reflect  .   a - +2 hat {SInv}
rElec   .          Harm     .   k - +2 cloak
rCorr   .          Rampage  .   C - +1 pair of gloves
Will    .....      NoTele   +   b - +0 pair of boots
Stlth   +.........              E - amulet of regeneration
HPRegen 1.00/turn               B - ring of see invisible
MPRegen 0.14/turn               (no ring)

@: on berserk cooldown, slowed, drained, very slow
A: rugged brown scales 3, foul stench 1
a: no special abilities


You were on level 7 of the Dungeon.
You visited 1 branch of the dungeon, and saw 7 of its levels.
You also visited: Sewer and Ossuary.

You collected 538 gold pieces.

Inventory:

Hand Weapons
 r - the +3 mace "Hepsoclu" (weapon) {freeze, Int+6}
   (You found it on level 2 of the Dungeon)

   It freezes those it strikes, dealing additional cold damage.
   It can also slow down cold-blooded creatures.
   Int:       It affects your intelligence (+6).
 w - a +0 spear of flaming
 A - a +0 trident
 G - a +0 flail
 K - a +0 flail of draining
Missiles
 q - 3 throwing nets
 z - 8 datura-tipped darts
Armour
 a - a +2 hat of see invisible (worn)
 b - a +0 pair of boots (worn)
 j - a +0 buckler (worn)
 k - a +2 cloak (worn)
 l - +0 steam dragon scales
 u - the +5 ring mail "Wevva" (worn) {-Tele Will- Str+4 Dex+2}
   (You found it on level 3 of the Dungeon)

   Str:       It affects your strength (+4).
   Dex:       It affects your dexterity (+2).
   -Tele:     It prevents most forms of teleportation.
   Will:      It decreases your willpower.
 v - a +1 helmet
 C - a +1 pair of gloves (worn)
 H - a +2 kite shield
 I - a +2 robe of fire resistance
Jewellery
 B - a ring of see invisible (left hand)
 E - an amulet of regeneration (around neck)
Wands
 f - a wand of acid (11)
 p - a wand of iceblast (5)
 y - a wand of mindburst (15)
Scrolls
 d - 5 scrolls of teleportation
 o - 3 scrolls of amnesia
 s - 5 scrolls of identify
 x - 2 scrolls of butterflies
 D - a scroll of immolation {unknown}
 F - 2 scrolls of blinking
Potions
 c - 4 potions of lignification
 e - 11 potions of curing
 g - 6 potions of flight
 h - a potion of attraction
 i - 3 potions of magic
 m - 3 potions of brilliance
 n - a potion of mutation
 J - a potion of ambrosia


   Skills:
 + Level 4.5 Fighting
 * Level 7.4 Maces & Flails
 - Level 1.6 Polearms
 - Level 4.0 Armour
 - Level 1.0 Dodging
 - Level 1.0 Stealth
 - Level 4.0 Spellcasting
 - Level 4.0 Conjurations
 - Level 3.0 Fire Magic
 + Level 1.9 Evocations


You had 15 spell levels left.
You knew the following spells:

 Your Spells              Type           Power      Damage    Failure   Level
a - Foxfire               Conj/Fire      80%        2x1d8     6%          1

Your spell library contained the following spells:

 Spells                   Type           Power      Damage    Failure   Level
 Scorch                   Fire           36%        2d7       11%         2
 Static Discharge         Conj/Air       13%        3-5/arc   17%         2
 Conjure Flame            Conj/Fire      20%        6-21      19%         3
 Ensorcelled Hibernation  Hex/Ice        8%         N/A       36%         2
 Passwall                 Tmut/Erth      3%         N/A       36%         2
 Sticky Flame             Conj/Fire      20%        2d4       52%         4
 Frozen Ramparts          Ice            8%         1d2       58%         3
 Swiftness                Air            4%         N/A       58%         3
 Dispel Undead            Necr           4%         3d7       94%         4
 Ice Form                 Ice/Tmut       4%         N/A       94%         4
 Summon Ice Beast         Ice/Summ       4%         N/A       94%         4


Dungeon Overview and Level Annotations

Branches:
Dungeon (7/15)              Sewer (visited)         Ossuary (visited)
 Temple: D:4-7

Altars:
Fedhas
Ru

Shops:
D:2 (   D:4 *


Innate Abilities, Weirdness & Mutations

You are completely covered in rugged brown scales. (AC +3, +7% HP)
You may rarely emit foul miasma when damaged in melee.


Message History

The orc priest is almost dead.
The orc priest calls upon Beogh to heal the orc priest.
The orc priest is healed somewhat.
The orc priest hits you but does no damage.
The orc hits you from afar with a +0 trident.
You feel a strong urge to attack something.
You feel less confused.
You are no longer berserk.
You are exhausted.
You feel yourself slow down. The orc hits you but does no damage.
The orc priest hits you but does no damage.
You barely miss the orc priest.
The orc priest is heavily wounded.
The orc barely misses you.
The orc priest invokes the aid of Beogh against you.
Pain shoots through your body! The orc completely misses you.
You hit the orc warrior but do no damage.
You block the orc's attack.
The orc warrior unwields a +0 arbalest.
The orc warrior wields a +0 war axe.
The orc warrior hits you with a +0 war axe.
* * * LOW HITPOINT WARNING * * *
You hit the orc warrior but do no damage.
You block the orc's attack. The orc warrior closely misses you.
The orc hits you but does no damage.
You hit the orc warrior but do no damage.
The orc warrior hits you with a +0 war axe!
* * * LOW HITPOINT WARNING * * *
You emit a cloud of foul miasma!
You block the orc's attack.
The orc warrior is engulfed in dark miasma.
The orc warrior is poisoned.
The orc warrior seems to slow down.
The orc warrior hits you but does no damage.
The orc hits you but does no damage.
You barely miss the orc warrior.
The orc warrior is moderately wounded.
The orc warrior is engulfed in dark miasma.
The orc warrior looks even sicker.
The orc warrior seems to slow down.
The orc warrior hits you with a +0 war axe.
* * * LOW HITPOINT WARNING * * *
The orc priest invokes the aid of Beogh against you.
Beogh smites you!
You die...

## .# .#
##.# ...#
#..#
####o.#
#+#
#.@oo.###
#.#
#.##o...#
#.#
#.#<..#.#
#.#
#.#...# #
#.#
#.#...#
#<#
#.#o..#
###
......#
#.#[.##
...#


You could see an orc warrior (very poisoned, slow), 2 orc priests and an orc.

Vanquished Creatures
  2 steam dragons
  Edmund (D:6)
  A black bear (D:6)
  An ice beast (D:5)
  A phantom (D:4)
  A kobold brigand (D:4)
  A bullfrog (D:5)
  3 necrophages
  2 gnoll sergeants
  2 scorpions (D:5)
  3 jellies (D:5)
  3 hounds
  4 human zombies (Ossuary)
  Ijyb (D:3)
  5 iguanas
  A merfolk siren (Sewer)
  A merfolk avatar (Sewer)
  5 orc wizards
  A hound zombie (Ossuary)
  4 mummies (Ossuary)
  Robin (D:3)
  9 gnolls
  11 adders
  2 river rats
  A shadow imp (D:5)
  An ufetubus (D:5)
  2 worms
  3 dart slugs
  9 orcs
  8 bats
  5 endoplasms
  2 giant cockroaches (D:1)
  13 goblins
  7 hobgoblins
  3 jackals
  7 kobolds
  12 quokkas
  9 ball pythons
  10 frilled lizards
  A goblin zombie (Ossuary)
  A kobold zombie (Ossuary)
  3 orc zombies (Ossuary)
  27 rats
  2 rat zombies (Ossuary)
192 creatures vanquished.

Vanquished Creatures (collateral kills)
  A scorpion (D:4)
1 creature vanquished.

Vanquished Creatures (others)
  A scorpion (D:5)
  An orc wizard (D:7)
  182 foxfires
184 creatures vanquished.

Grand Total: 377 creatures vanquished

Notes
Turn   | Place    | Note
-------+----------+-------------------------------------------
     0 | D:1      | IdlyInterested the Demonspawn Wanderer began the quest for
                  | the Orb.
     0 | D:1      | IdlyInterested set off with the following items: a +0
                  | spear, a +0 pair of boots, a potion of lignification, a +0
                  | robe; and the following spell memorised: Foxfire; and the
                  | following spells available to memorise: Scorch, Conjure
                  | Flame.
     0 | D:1      | Reached XP level 1. HP: 16/16 MP: 2/2
   460 | D:1      | Gained mutation: You are partially covered in rugged brown
                  | scales. (AC +1, +3% HP) [demonic ancestry]
   460 | D:1      | Reached XP level 2. HP: 16/22 MP: 3/3
   597 | D:1      | Found a faded altar of an unknown god.
  1968 | D:2      | Gained mutation: You are mostly covered in rugged brown
                  | scales. (AC +2, +5% HP) [demonic ancestry]
  1968 | D:2      | Reached XP level 3. HP: 18/28 MP: 5/5
  1994 | D:2      | Reached skill level 1 in Armour
  2586 | D:2      | Found Romi's Weapon Boutique.
  3021 | D:2      | Found a blossoming altar of Fedhas.
  3030 | D:2      | Identified the +3 mace "Hepsoclu" {freeze, Int+6}
  3138 | D:3      | Found a glowing drain.
  3150 | D:3      | Reached skill level 1 in Conjurations
  3159 | Sewer    | Entered a sewer
  3424 | Sewer    | Reached XP level 4. HP: 34/34 MP: 4/6
  3698 | Sewer    | Reached skill level 1 in Maces & Flails
  3963 | Sewer    | Noticed a malarious merfolk avatar
  3966 | Sewer    | Reached XP level 5. HP: 39/39 MP: 5/8
  4273 | D:3      | Identified the +5 ring mail "Wevva" {-Tele Will- Str+4
                  | Dex+2}
  4656 | D:3      | Noticed Robin
  4669 | D:3      | Killed Robin
  4670 | D:3      | Reached skill level 2 in Maces & Flails
  4849 | D:3      | Noticed Ijyb
  4859 | D:3      | Killed Ijyb
  5117 | D:4      | Reached XP level 6. HP: 47/48 MP: 7/9
  5134 | D:4      | Reached skill level 3 in Maces & Flails
  5428 | D:4      | Found Zin's Purification Station.
  5670 | D:4      | Gained mutation: You are completely covered in rugged brown
                  | scales. (AC +3, +7% HP) [demonic ancestry]
  5670 | D:4      | Reached XP level 7. HP: 49/55 MP: 10/10
  5933 | D:4      | Reached skill level 4 in Maces & Flails
  6272 | D:5      | Entered Level 5 of the Dungeon
  6358 | D:5      | Identified a scroll of acquirement
  6358 | D:5      | Acquired a +2 hat of see invisible
  6499 | D:5      | Reached skill level 5 in Maces & Flails
  6568 | D:5      | Noticed a steam dragon
  6609 | D:5      | Killed a steam dragon
  6610 | D:5      | Gained mutation: You may rarely emit foul miasma when
                  | damaged in melee. [demonic ancestry]
  6610 | D:5      | Reached XP level 8. HP: 25/64 MP: 12/12
  6919 | D:5      | Identified the +11 shortbow "Keuster" {freeze, +Blink Str+2
                  | Int-2 Dex+3 SInv}
  7114 | D:5      | Reached skill level 6 in Maces & Flails
  8035 | D:6      | Found a sand-covered staircase.
  8049 | Ossuary  | Entered an ossuary
  8302 | D:6      | You fall into a shaft and drop 1 floor!
  8310 | D:7      | Reached skill level 7 in Maces & Flails
  8332 | D:7      | Reached XP level 9. HP: 69/69 MP: 2/15
  8589 | D:6      | Found a sacrificial altar of Ru.
  8782 | D:6      | Noticed Edmund
  8803 | D:6      | Killed Edmund
  9215 | D:7      | Killed from afar by an orc priest

Illustrated notes

Levels and vault maps discovered:
D:1:      dpeg_arrival_shelter, layout_basic,
          shapermc_ecumenical_altar_mp_highgroup, minmay_misc_feat_alley,
          grunt_decor_arrowhead, hangedman_decor_lopped
D:2:      minmay_alternating_diamond, layout_loops_ring, serial_shops, shop,
          basic_altar
D:3:      layout_loops_cross, portal_sewer_entry_a, minmay_misc_feat_doors,
          uniq_ijyb, uniq_robin
D:4:      layout_loops_ring, zin_purify
D:5:      minmay_octagon_keep, layout_gridville, minmay_strange_pillars
D:6:      layout_basic, mainiacjoe_overflow_surrounded_room,
          nicolae_ossuary_entry_ruins, uniq_edmund
D:7:      layout_basic, temple_statues, feat_on_display

Skill      XL: |  1  2  3  4  5  6  7  8 |
---------------+-------------------------+-----
Fire Magic     | 3 |  3.0
Armour         | 1 2 4 |  4.0
Conjurations   | 1 2 3 4 |  4.0
Spellcasting   | 2 3 4 |  4.0
Maces & Flails | 1 2 3 5 7 |  7.4
Fighting       | 3 4 |  4.5
Polearms       | |  1.6
Dodging        | |  1.0
Stealth        | |  1.0
Evocations     | |  1.9

Action                   |  1- 3 |  4- 6 |  7- 9 || total
-------------------------+-------+-------+-------++-------
Melee: Spear             |   140 |       |       ||   140
       Mace              |    19 |   170 |   262 ||   451
       Punch             |     2 |     1 |       ||     3
 Cast: Foxfire           |    16 |    33 |    58 ||   107
Evoke: Wand              |     1 |       |       ||     1
  Use: Scroll            |     4 |     5 |     9 ||    18
       Potion            |     2 |     1 |     2 ||     5
 Stab: Sleeping          |     4 |     1 |       ||     5
Armor: Robe              |    12 |       |       ||    12
       Chain mail        |    45 |       |       ||    45
       Leather armour    |    20 |    37 |       ||    57
       Ring mail         |       |   109 |   231 ||   340
Dodge: Dodged            |    70 |   123 |   196 ||   389
Block: Buckler           |       |       |    41 ||    41

Table legend: (Time is in decaauts)
 A = Elapsed time spent in this place.
 B = Non-inter-level travel time spent in this place.
 C = Inter-level travel time spent in this place.
 D = Time resting spent in this place.
 E = Time spent auto-exploring this place.
 F = Levels seen in this place.
 G = Mean time per level.
                   A        B        C        D        E       F      G
               +--------+--------+--------+--------+--------+-----+--------+
         Total |   9367 |   8637 |    730 |   2352 |   4112 |   9 | 1040.8 |
       Dungeon |   8057 |   7327 |    730 |   1801 |   3888 |   7 | 1151.0 |
         Sewer |   1056 |   1056 |      0 |    544 |    130 |   1 | 1056.0 |
       Ossuary |    253 |    253 |      0 |      7 |     94 |   1 |  253.0 |
               +--------+--------+--------+--------+--------+-----+--------+

Top non-repeatable levels by time:
     D:1: 1689 daAuts
     D:5: 1519 daAuts
     D:2: 1497 daAuts
     D:4: 1266 daAuts
   Sewer: 1056 daAuts
     D:3: 957 daAuts
     D:6: 914 daAuts
 Ossuary: 253 daAuts
     D:7: 212 daAuts
